 Dungeon Crawl Stone Soup version 0.19.1 (webtiles) character file.

8661 Darkmans the Destroyer (level 11, -9/79 HPs)
             Began as a Green Draconian Conjurer on Dec 2, 2016.
             Was a Priest of Vehumet.
             Mangled by an orc warlord
             ... wielding a +0 dire flail
              (26 damage)
             ... on level 10 of the Dungeon.
             The game lasted 01:00:01 (15159 turns).

Darkmans the Destroyer (Green Draconian Conjurer)  Turns: 15159, Time: 01:00:02

Health: -9/79      AC: 14    Str: 10    XL:     11   Next: 12%
Magic:  3/20       EV: 12    Int: 19    God:    Vehumet [***...]
Gold:   42         SH:  6    Dex: 12    Spells: 6 memorised, 2 levels left

rFire  + . .     SeeInvis .     I - +9 short sword of the Priest {elec, +Inv rF+}
rCold  . . .     Gourm    .     (armour unavailable)
rNeg   . . .     Faith    .     B - +1 buckler {AC+3}
rPois  +         Spirit   .     C - +0 hat
rElec  .         Reflect  .     g - +0 cloak
rCorr  .         Harm     .     (no gloves)
MR     .....                    (no boots)
Stlth  ++........               F - amulet of regeneration
                                (no ring)
                                N - +3 ring of protection

@: short of breath
A: breathe noxious fumes, unfitting armour, poison resistance, cold-blooded, AC
+7
a: Breathe Noxious Fumes, Renounce Religion, Evoke Invisibility


You were on level 10 of the Dungeon.
You worshipped Vehumet.
Vehumet was most pleased with you.
You were hungry.

You visited 3 branches of the dungeon, and saw 12 of its levels.

You collected 699 gold pieces.
You spent 657 gold pieces at shops.

Inventory:

Hand Weapons
 E - a +2 dagger of venom
 I - the +9 short sword of the Priest (weapon) {elec, +Inv rF+}
   (You bought it in a shop on level 9 of the Dungeon)

   Occasionally, upon striking a foe, it will discharge some electrical energy
   and cause terrible harm.
   It protects you from fire.
   It lets you turn invisible.
 M - the +6 dagger "Jelly's Death Toll" {vamp, MR+, unknown}
   (You bought it in a shop on level 9 of the Dungeon)

   It inflicts no extra harm, but heals its wielder when it wounds a living foe.
   It affects your resistance to hostile enchantments.
Armour
 g - a +0 cloak (worn)
 B - a +1 buckler of protection (worn)
 C - a +0 hat (worn)
Jewellery
 e - an uncursed ring of ice
 F - an amulet of regeneration (around neck)
 N - a +3 ring of protection (left hand)
Wands
 v - a wand of lightning (7/15)
 w - a wand of lightning (7/15)
 x - a wand of lightning (8/15)
 y - a wand of iceblast (5/15)
 z - a wand of flame (4/48)
 H - a wand of iceblast (7/15)
 K - a wand of paralysis (10/24)
Scrolls
 d - a scroll of teleportation
 f - 2 scrolls of random uselessness {unknown}
 h - 5 scrolls of recharging
 k - 8 scrolls of remove curse
 l - 2 scrolls of enchant armour {unknown}
 n - a scroll of magic mapping {unknown}
 q - a scroll of holy word {unknown}
 s - 2 scrolls of immolation {unknown}
 t - a scroll of amnesia {unknown}
 u - a scroll of fear {unknown}
 G - a scroll of noise {unknown}
 L - a scroll of blinking
 O - a scroll of enchant weapon {unknown}
Potions
 b - 3 potions of mutation
 c - a potion of cure mutation {unknown}
 j - a potion of heal wounds {unknown}
 m - 2 potions of cancellation
 o - 2 potions of magic
 r - 2 potions of curing
 A - a potion of resistance {unknown}
 D - a potion of invisibility {unknown}
 J - a potion of ambrosia {unknown}
Books
 a - a book of Conjurations

   Spells                             Type                      Level
   a - Magic Dart                     Conjuration                  1
   b - Searing Ray                    Conjuration                  2
   c - Dazzling Spray                 Conjuration/Hexes            3
   d - Fulminant Prism                Conjuration/Hexes            4
   e - Iskenderun's Mystic Blast      Conjuration                  4
   f - Iskenderun's Battlesphere      Conjuration/Charms           5
 p - a Young Poisoner's Handbook

   Spells                             Type                      Level
   a - Sting                          Conjuration/Poison           1
   b - Mephitic Cloud                 Conjuration/Poison/Air       3
   c - Olgreb's Toxic Radiance        Poison                       4
   d - Alistair's Intoxication        Transmutation/Poison         5
   e - Venom Bolt                     Conjuration/Poison           5
Comestibles
 i - a meat ration
 P - 4 chunks of flesh


   Skills:
 + Level 2.0 Fighting
 - Level 1.7 Dodging
 - Level 1.7 Stealth
 - Level 7.2 Shields
 - Level 6.3 Spellcasting
 - Level 11.1 Conjurations
 + Level 8.7 Charms


You had 2 spell levels left.
You knew the following spells:

 Your Spells              Type           Power        Failure   Level  Hunger
a - Magic Dart            Conj           ####         1%          1    None
b - Searing Ray           Conj           #####.       1%          2    None
c - Iskenderun's Battles  Conj/Chrm      #####...     1%          5    #####..
d - Iskenderun's Mystic   Conj           #####...     1%          4    ####...
e - Venom Bolt            Conj/Pois      ####......   10%         5    #####..
f - Mephitic Cloud        Conj/Pois/Air  ###.....     2%          3    ##.....


Dungeon Overview and Level Annotations

Branches:
Dungeon (10/15)            Temple (1/1) D:5            Lair (0/6) D:8
    Orc (1/2) D:10

Altars:
Ashenzari
Cheibriados
Dithmenos
Elyvilon
Fedhas
Gozag
Hepliaklqana
Kikubaaqudgha
Makhleb
Nemelex Xobeh
Okawaru
Qazlal
Ru
Sif Muna
Trog
Uskayaw
Vehumet
Xom
Yredelemnul
Zin
The Shining One

Shops:
D:8 [   D:9 (

Annotations:
D:6 Joseph


Innate Abilities, Weirdness & Mutations

You can breathe blasts of noxious fumes.
Your lurid green scales are hard. (AC +7)
You cannot fit into any form of body armour.
Your system is resistant to poisons. (rPois)
You are cold-blooded and may be slowed by cold attacks.


Message History

Aim: an orc warlord, wielding a dire flail and wearing a plate armour (severely wounded)
The orb of energy hits the orc warlord.
The orc warlord is almost dead.
The orb of energy explodes!
You are feeling hungry.
The orc warlord hits you with a dire flail!
Casting: Iskenderun's Mystic Blast
Confirm with . or Enter, or press ? or * to list all spells.
Aiming: Iskenderun's Mystic Blast
Press: ? - help, Shift-Dir - straight line, f/p - orc warlord
Aim: an orc warlord, wielding a dire flail and wearing a plate armour (almost dead)
The orb of energy hits the orc warlord.
The orc warlord is almost dead.
The orb of energy explodes!
The orc warlord hits you with a dire flail!
* * * LOW HITPOINT WARNING * * *
You hit the orc warlord.
The orc warlord is almost dead.
The orc warlord hits you with a dire flail!!
You die...

# #..# # #####'##
### #......#### ..#
#...)..)..# ###
#########.##
######.# ##..#
.##..#.### #...###
#..#.##..####.#...#
##......(..##..#@##
#####.#.###..###o#
#.....#..#.##...)##
#.#.#....#[##....#
# ##.[##........##
#.#..[#.#...###
###.###.##.(#..#
#..[..)[.[>...###
##..#.#....####.#


You could see an orc warlord.

Vanquished Creatures
  A centaur warrior (D:9)
  2 hill giants
  2 hippogriffs
  3 wyverns
  2 hungry ghosts (D:10)
  Grum (D:9)
  A warg (D:10)
  Menkaure (D:7)
  2 ice beasts
  A water moccasin (D:5)
  9 orc warriors
  3 sky beasts
  2 phantoms
  2 wolves (D:9)
  A crocodile (D:8)
  3 centaurs
  3 ogres
  8 bullfrogs
  A wyvern zombie (D:8)
  A gnoll sergeant (D:9)
  5 scorpions
  A water moccasin skeleton (D:5)
  3 troll zombies (D:10)
  11 killer bees
  6 wights (D:9)
  5 howler monkeys
  3 crimson imps
  A centaur zombie (D:8)
  6 jellies
  4 hounds
  Crazy Yiuf (D:7)
  5 orc priests
  7 orc wizards
  2 bullfrog skeletons
  3 iguanas (D:5)
  6 worker ants
  A killer bee zombie (D:10)
  3 ogre zombies (D:10)
  3 hound skeletons
  5 gnolls (D:9)
  A worker ant zombie (D:5)
  14 adders
  An ooze (D:6)
  An adder skeleton (D:6)
  An adder zombie (D:7)
  4 worms
  A dart slug (D:1)
  4 leopard geckos
  37 orcs
  6 bats
  2 giant cockroaches
  5 goblins
  5 hobgoblins
  12 jackals
  10 kobolds
  2 quokkas
  A frilled lizard (D:3)
  A goblin skeleton (D:10)
  3 goblin zombies (D:10)
  A hobgoblin skeleton (D:10)
  2 hobgoblin zombies (D:10)
  An orc skeleton (D:10)
  11 orc zombies (D:10)
  7 rats
263 creatures vanquished.

Notes
Turn   | Place    | Note
-------+----------+-------------------------------------------
     0 | D:1      | Darkmans the Draconian Conjurer began the quest for the Orb.
     0 | D:1      | Reached XP level 1. HP: 14/14 MP: 3/3
   417 | D:1      | Reached XP level 2. HP: 12/20 MP: 0/5
  1715 | D:2      | Reached XP level 3. HP: 26/26 MP: 2/6
  2436 | D:2      | Reached skill level 5 in Conjurations
  2936 | D:3      | Reached XP level 4. HP: 33/33 MP: 1/8
  2940 | D:3      | Learned a level 2 spell: Searing Ray
  3135 | D:3      | Reached XP level 5. HP: 38/38 MP: 8/10
  3853 | D:4      | Reached skill level 6 in Conjurations
  3853 | D:4      | Reached XP level 6. HP: 39/45 MP: 7/12
  4500 | D:5      | Entered Level 5 of the Dungeon
  4500 | D:5      | Noticed a water moccasin
  4548 | D:5      | Reached skill level 5 in Spellcasting
  4548 | D:5      | Your scales start taking on a lurid green colour.
  4548 | D:5      | Reached XP level 7. HP: 47/50 MP: 0/14
  4548 | D:5      | Gained mutation: Your system is resistant to poisons. (rPois) [Green Draconian growth]
  4665 | D:5      | Found a staircase to the Ecumenical Temple.
  4678 | Temple   | Entered the Ecumenical Temple
  4995 | D:5      | Reached skill level 7 in Conjurations
  5855 | D:5      | Reached XP level 8. HP: 57/57 MP: 11/17
  5998 | D:5      | Reached skill level 8 in Conjurations
  6009 | D:5      | Learned a level 5 spell: Iskenderun's Battlesphere
  6191 | D:6      | Reached skill level 1 in Charms
  6296 | D:6      | Found a hide-covered altar of Uskayaw.
  6364 | D:6      | Found a radiant altar of Vehumet.
  6368 | D:6      | Found a deep blue altar of Sif Muna.
  6371 | D:6      | Found a burning altar of Makhleb.
  6377 | D:6      | Became a worshipper of Vehumet
  7064 | D:6      | Reached skill level 9 in Conjurations
  7126 | D:6      | Found a deep blue altar of Sif Muna.
  7728 | D:6      | Reached XP level 9. HP: 58/62 MP: 11/18
  7775 | D:7      | Noticed Joseph
  8391 | D:7      | Noticed Menkaure
  9056 | D:6      | Reached skill level 5 in Charms
  9243 | D:6      | Reached skill level 10 in Conjurations
  9484 | D:6      | Learned a level 4 spell: Iskenderun's Mystic Blast
  9490 | D:7      | Killed Menkaure
  9709 | D:7      | Found a runed door.
  9843 | D:7      | Noticed Crazy Yiuf
  9848 | D:7      | Killed Crazy Yiuf
 10001 | D:8      | Found Kusotaxt's Antique Armour Shop.
 10077 | D:8      | Bought a glowing buckler for 357 gold pieces
 10114 | D:8      | Found a glowing silver altar of Zin.
 10590 | D:8      | Found a staircase to the Lair.
 11130 | D:9      | Noticed Grum
 11151 | D:9      | Killed Grum
 11279 | D:9      | Reached * piety under Vehumet
 11279 | D:9      | Offered knowledge of Sandblast by Vehumet.
 11279 | D:9      | Reached skill level 11 in Conjurations
 11279 | D:9      | Reached XP level 10. HP: 69/69 MP: 6/19
 11496 | D:9      | Found a sparkling altar of Nemelex Xobeh.
 11756 | D:9      | Found Vuneor's Antique Weapon Shop.
 11768 | D:9      | Bought a pitted short sword for 160 gold pieces
 11768 | D:9      | Identified the +9 short sword of the Priest {elec, +Inv rF+} (You bought it in a shop on level 9 of the Dungeon)
 11861 | D:9      | Reached skill level 1 in Shields
 12081 | D:9      | Noticed a centaur warrior
 12089 | D:9      | Killed a centaur warrior
 12492 | D:9      | Offered knowledge of Shock by Vehumet.
 12697 | D:10     | Entered Level 10 of the Dungeon
 12697 | D:10     | Noticed a hill giant
 13127 | D:9      | Reached skill level 5 in Shields
 13134 | D:9      | Learned a level 5 spell: Venom Bolt
 13204 | D:9      | Killed a hill giant
 13281 | D:10     | Reached ** piety under Vehumet
 13625 | D:10     | Offered knowledge of Inner Flame by Vehumet.
 13788 | D:10     | Found a staircase to the Orcish Mines.
 14387 | D:10     | Noticed a hill giant
 14411 | D:10     | Killed a hill giant
 14411 | D:10     | Reached *** piety under Vehumet
 14411 | D:10     | Reached XP level 11. HP: 74/74 MP: 3/20
 14826 | D:9      | Bought a shimmering dagger for 140 gold pieces
 14950 | D:10     | Learned a level 3 spell: Mephitic Cloud
 14957 | Orc:1    | Entered Level 1 of the Orcish Mines
 14961 | Orc:1    | Noticed an orc warlord
 14990 | D:10     | Reached skill level 1 in Fighting
 15083 | D:10     | Offered knowledge of Airstrike by Vehumet.
 15159 | D:10     | Mangled by an orc warlord

Skill      XL: |  1  2  3  4  5  6  7  8  9 10 11 |
---------------+----------------------------------+-----
Conjurations   | 5 6 7 9 11 | 11.1
Spellcasting   | 3 4 5 6 |  6.3
Charms         | 4 6 8 |  8.7
Shields        | 7 |  7.2
Fighting       | 2 |  2.0
Dodging        | |  1.7
Stealth        | |  1.7

Action                   |  1- 3 |  4- 6 |  7- 9 | 10-12 || total
-------------------------+-------+-------+-------+-------++-------
Melee: Unarmed           |    25 |     7 |       |       ||    32
       Tailslap          |     2 |     1 |     1 |     5 ||     9
       Dagger            |       |       |     9 |     6 ||    15
       Short sword       |       |       |       |   145 ||   145
 Cast: Magic Dart        |   102 |    90 |   316 |   213 ||   721
       Searing Ray       |       |     3 |    15 |    14 ||    32
       Iskenderun's Myst |       |       |    10 |    16 ||    26
       Iskenderun's Batt |       |       |     3 |     3 ||     6
       Venom Bolt        |       |       |       |     2 ||     2
       Mephitic Cloud    |       |       |       |     1 ||     1
 Abil: Breathe Noxious F |       |       |    13 |     9 ||    22
Evoke: Wand              |       |       |       |     5 ||     5
  Use: Scroll            |     3 |     4 |     5 |     2 ||    14
       Potion            |       |       |     1 |       ||     1
  Eat: Bread ration      |     1 |       |     3 |     1 ||     5
       Chunk             |     2 |     4 |    12 |     7 ||    25
       Beef jerky        |       |     1 |       |       ||     1
       Meat ration       |       |       |       |     2 ||     2
Armor: Skin              |     9 |     7 |    47 |    83 ||   146
Dodge: Dodged            |    25 |    15 |   112 |   149 ||   301
Block: Buckler           |       |       |     7 |    78 ||    85
